 Dungeon Crawl Stone Soup version 0.30-a0-241-g1121274140 (webtiles) character file.

Game seed: 9058550141953761959

60 KennySheep the Changer (level 3, -5/27 HPs)
             Began as a Demigod Transmuter on Oct 10, 2022.
             Slain by a hobgoblin (6 damage)
             ... led by Robin
             ... on level 2 of the Dungeon.
             The game lasted 00:04:29 (1083 turns).

KennySheep the Changer (Demigod Transmuter)         Turns: 1083, Time: 00:04:30

Health: -5/27      AC:  3    Str: 11    XL:     3   Next: 55%
Magic:  8/8        EV: 12    Int: 19    God:
Gold:   86         SH:  0    Dex: 14    Spells: 0/6 levels left

rFire   . . .      SeeInvis .      - Unarmed
rCold   . . .      Faith    .    (no shield)
rNeg    . . .      Spirit   .    a - +0 robe
rPois   .          Reflect  .    (helmet currently unavailable)
rElec   .          Harm     .    i - +0 cloak
rCorr   .          Rampage  .    (no gloves)
Will    .....                    (boots currently unavailable)
Stlth   +.........               (no amulet)
HPRegen 0.24/turn                (no ring)
MPRegen 0.11/turn                (no ring)

@: confused, lethally poisoned (-5 -> -6), appendages, ambrosia-drunk,
wereblooded
A: horns 2, talons 2, high MP 1, forlorn, divine attributes
a: End Transformation


You were on level 2 of the Dungeon.
You had temporarily grown beastly horns and talons.
You visited 1 branch of the dungeon, and saw 2 of its levels.

You collected 86 gold pieces.

Inventory:

Armour
 a - a +0 robe (worn)
 i - a +0 cloak (worn)
Jewellery
 d - a ring of ice
 h - an amulet of reflection
Scrolls
 b - a scroll of fear {unknown}
 c - 3 scrolls of enchant weapon {unknown}
 f - a scroll of identify {unknown}
 g - a scroll of acquirement {unknown}
 j - a scroll of amnesia {unknown}


   Skills:
 - Level 0.8 Fighting
 - Level 1.7 Dodging
 - Level 2.6 Unarmed Combat
 + Level 2.1 Spellcasting
 + Level 2.8 Transmutations
 + Level 0.3 Ice Magic
 - Level 1.7 Poison Magic


You couldn't memorise any spells.
You knew the following spells:

 Your Spells              Type           Power      Damage    Failure   Level
a - Beastly Appendage     Tmut           24%        N/A       5%          1
b - Wereblood             Tmut           12%        N/A       8%          2
c - Spider Form           Tmut/Pois      10%        N/A       21%         3

Your spell library contained the following spells:

 Spells                   Type           Power      Damage    Failure   Level
 Freeze                   Ice            12%        1d3       14%         1
 Frozen Ramparts          Ice            6%         1d1       41%         3
 Hailstorm                Conj/Ice       2%         3d3       43%         3
 Ice Form                 Ice/Tmut       8%         N/A       65%         4


Dungeon Overview and Level Annotations

Branches:
Dungeon (2/15)

Shops:
D:2 (

Annotations:
D:2 Robin


Innate Abilities, Weirdness & Mutations

You have temporarily grown beastly horns and talons.
You have an increased reservoir of magic. (+10% MP)
You shall have no god before yourself.
Your divine heritage dramatically boosts your attributes as you level up.


Message History

The adder attacks as you move away! The adder closely misses you.
Casting: Wereblood (safe; 9% risk of failure)
Confirm with . or Enter, or press ? or * to list all spells.
Your blood is infused with primal strength.
The adder misses you.
Casting: Wereblood (safe; 9% risk of failure)
Confirm with . or Enter, or press ? or * to list all spells.
You grow a pair of large bovine horns.
Your feet morph into talons.
The adder closely misses you. x2
You hit the adder. Your kick misses the adder.
The adder is lightly wounded.
The adder bites you.
You are poisoned.
The adder poisons you!
You hit the adder. You claw the adder.
The adder is almost dead.
You feel sick.
Robin roars a battlecry!
The goblins go into a battle-frenzy!
The adder bites you.
You hear a shout!
You hit the adder but do no damage.
The adder is almost dead.
You feel sick. The adder bites you.
* * * LOW HITPOINT WARNING * * *
You closely miss the adder. You headbutt the adder.
You feel a bit better.
You kill the adder!
You feel sick. Robin throws the goblin at you!
* * * LOW HITPOINT WARNING * * *
It was a potion of ambrosia.
You are confused.
You feel invigorated.
You feel sick. The goblin hits you with a +0 club.
* * * LOW HITPOINT WARNING * * *
The hobgoblin misses you.
You bump into the rock wall.
You feel sick. The goblin hits you with a +0 club.
* * * LOW HITPOINT WARNING * * *
The hobgoblin hits you.
* * * LOW HITPOINT WARNING * * *
The hobgoblin hits you.
You die...

#...........#...>..........
#....##.....).....÷.÷#####.
#######....##........#...#
#....######.#..#._.# #.....#
#.#..#...# ###.#.#
#.#..#.<.# .# #.#.##
#.#..#...#....
#^...####....#####....
###..g@gggg............
#..g######........... ...
#.#..##..........#.##
....####†..................
......†....###..........#.#.
....##...)## #.......g..#...
# ####.#...# #....g........#
.........###..†.g.....#...
.............###..#.......


You could see Robin, 2 hobgoblins and 3 goblins.

Vanquished Creatures
  2 adders (D:2)
  2 worms (D:2)
  2 endoplasms
  4 giant cockroaches (D:1)
  4 goblins
  3 hobgoblins (D:1)
  3 kobolds (D:1)
  3 quokkas
  3 ball pythons
  3 bats (D:1)
  2 frilled lizards
  4 rats (D:1)
35 creatures vanquished.

Notes
Turn   | Place    | Note
-------+----------+-------------------------------------------
     0 | D:1      | KennySheep the Demigod Transmuter began the quest for the
                  | Orb.
     0 | D:1      | Reached XP level 1. HP: 15/15 MP: 5/5
   126 | D:1      | Reached skill level 1 in Poison Magic
   207 | D:1      | Reached XP level 2. HP: 22/22 MP: 5/7
   525 | D:1      | Learned a level 2 spell: Wereblood
   767 | D:2      | HP: 1/22 [quokka (4)]
   770 | D:2      | Reached XP level 3. HP: 3/27 MP: 8/8
   958 | D:2      | Learned a level 3 spell: Spider Form
  1023 | D:2      | Found Odatt's Weapon Shop.
  1054 | D:2      | Noticed Robin
  1083 | D:2      | HP: 1/27 [hobgoblin (2)]
  1083 | D:2      | Slain by a hobgoblin

Illustrated notes

Levels and vault maps discovered:
D:1:      dreamdust_arrival_beginning_and_end, layout_basic
D:2:      layout_rooms, serial_shops, nicolae_shop_behind_doors,
          nicolae_ecumenical_oubliette, cheibrodos_gnoll_hut, uniq_robin

Skill      XL: |  1  2  3 |
---------------+----------+-----
Transmutations | 2 |  2.8
Poison Magic   | 1 |  1.7
Spellcasting   | 2 |  2.1
Fighting       | |  0.8
Dodging        | |  1.7
Unarmed Combat | |  2.6
Ice Magic      | |  0.3

Action                   || total
-------------------------++-------
Melee: Unarmed           ||   131
       Kick              ||    20
       Headbutt          ||     6
       Punch             ||     1
 Cast: Beastly Appendage ||    14
       Wereblood         ||     3
  Use: Potion            ||     2
 Stab: Sleeping          ||     1
Armor: Robe              ||    27
       Skin              ||     4
Dodge: Dodged            ||   104

Table legend: (Time is in decaauts)
 A = Elapsed time spent in this place.
 B = Non-inter-level travel time spent in this place.
 C = Inter-level travel time spent in this place.
 D = Time resting spent in this place.
 E = Time spent auto-exploring this place.
 F = Levels seen in this place.
 G = Mean time per level.
                   A        B        C        D        E       F      G
               +--------+--------+--------+--------+--------+-----+--------+
         Total |   1076 |   1049 |     27 |    110 |    623 |   2 |  538.0 |
       Dungeon |   1076 |   1049 |     27 |    110 |    623 |   2 |  538.0 |
               +--------+--------+--------+--------+--------+-----+--------+

Top non-repeatable levels by time:
     D:1: 736 daAuts
     D:2: 340 daAuts
